 Dungeon Crawl Stone Soup version 0.31-a0-102-g33a4ccc0cb (webtiles) character file.

Game seed: 5518381741256716970

553 PriceMaster the Changer (level 7, -1/45 HPs)
             Began as an Octopode Transmuter on May 26, 2023.
             Slain by a gnoll
             ... wielding a +0 flail
              (7 damage)
             ... on level 4 of the Dungeon.
             The game lasted 00:06:17 (3828 turns).

PriceMaster the Changer (Octopode Transmuter)       Turns: 3828, Time: 00:06:18

Health: -1/45      AC:  1    Str: 11    XL:     7   Next: 29%
Magic:  8/13       EV: 13    Int: 16    God:
Gold:   118        SH:  4    Dex: 18    Spells: 11/14 levels left

rFire   + . .        c - +1 short sword
rCold   . . .        b - +0 buckler
rNeg    + + .        (helmet currently unavailable)
rPois   .            (no amulet)
rElec   +            d - ring of positive energy
rCorr   +            e - ring of resist corrosion
SInv    .            f - ring of positive energy
Will    +....        a - +6 ring of dexterity
Stlth   ++++         (no ring)
HPRegen 0.27/turn    (no ring)
MPRegen 0.13/turn    (no ring)
                     (no ring)

%: no passive effects
@: appendages, wereblooded, enlightened, flying, very slightly contaminated
A: tentacle spike 3, almost no armour, amphibious, 8 rings, camouflage 1,
gelatinous body 1, (nimble swimmer 1), tentacles, fire resistance 1, electricity
resistance
a: End Transformation


You were on level 4 of the Dungeon.
One of your tentacles had grown a beastly spike.
You visited 1 branch of the dungeon, and saw 4 of its levels.

You collected 118 gold pieces.

Inventory:

Hand Weapons
 c - a +1 short sword (weapon)
 g - a +1 scythe of freezing
Armour
 b - a +0 buckler (worn)
Jewellery
 a - a +6 ring of dexterity (on tentacle)
 d - a ring of positive energy (left tentacle)
 e - a ring of resist corrosion (right tentacle)
 f - a ring of positive energy (on tentacle)
Scrolls
 j - 2 scrolls of blinking
 k - 2 scrolls of identify
Potions
 h - a potion of degeneration
 i - a potion of enlightenment
 l - a potion of magic {unknown}
 m - a potion of might {unknown}


   Skills:
 + Level 2.0 Fighting
 + Level 2.3 Short Blades
 + Level 2.4 Dodging
 + Level 3.1 Stealth
 + Level 0.4 Shields
 + Level 3.5 Unarmed Combat
 + Level 4.0 Spellcasting
 * Level 4.6 Transmutations


You had 11 spell levels left.
You knew the following spells:

 Your Spells              Type           Power      Damage    Failure   Level
a - Beastly Appendage     Tmut           36%        N/A       3%          1
b - Wereblood             Tmut           18%        N/A       5%          2

Your spell library contained the following spells:

 Spells                   Type           Power      Damage    Failure   Level
 Summon Small Mammal      Summ           12%        N/A       24%         1
 Spider Form              Tmut/Pois      9%         N/A       34%         3
 Cigotuvi's Dreadful Rot  Necr/Pois/Air  2%         N/A       43%         2
 Ignite Poison            Fire/Tmut/Pois 6%         N/A       45%         3
 Call Canine Familiar     Summ           3%         N/A       58%         3
 Summon Guardian Golem    Hex/Summ       1%         N/A       65%         3
 Ice Form                 Ice/Tmut       9%         N/A       75%         4
 Freezing Cloud           Conj/Ice/Air   0%         6-21      100%        5


Dungeon Overview and Level Annotations

Branches:
Dungeon (4/15)
 Temple: D:4-7

Altars:
Fedhas


Innate Abilities, Weirdness & Mutations

One of your tentacles has grown a beastly spike.
You cannot wear most types of armour.
You are amphibious.
You can wear up to eight rings at the same time.
Your skin changes colour to match your surroundings (Stealth+).
Your rubbery body absorbs attacks. (AC +1, EV +1)
((You are camouflaged when in or above water. (Stealth+)))
You have tentacles for arms and can constrict up to eight enemies at once.
Your flesh is heat resistant. (rF+)
You are resistant to electric shocks. (rElec)


Message History

You are very lightly contaminated with residual magic.
Nothing appears to happen.
The gnoll hits you with a +0 whip! The gnoll misses you.
The gnoll hits you with a +0 flail.
You barely miss the gnoll. You grab the gnoll.
You pierce the gnoll.
You squeeze the gnoll!
The gnoll is almost dead.
You constrict the gnoll, but do no damage.
You hit the gnoll but do no damage.
You pierce the gnoll.
You feel a bit better.
You kill the gnoll!
The gnoll closely misses you. x2
Your Spellcasting skill increases to level 4!
You barely miss the gnoll. Your grab misses the gnoll.
You pierce the gnoll.
Your squeeze misses the gnoll.
The gnoll is lightly wounded.
You howl as the wereblood boils in your veins!
The gnoll barely misses you. The gnoll hits you with a +0 flail!
You hit the gnoll. You grab the gnoll.
You pierce the gnoll.
The gnoll is heavily wounded.
You howl as the wereblood boils in your veins!
You constrict the gnoll, but do no damage.
The gnoll hits you with a +0 whip. The gnoll completely misses you.
You completely miss the gnoll.
You pierce the gnoll, but do no damage.
The gnoll is heavily wounded.
You constrict the gnoll. The gnoll barely misses you.
The gnoll closely misses you.
You hit the gnoll. You tentacle-slap the gnoll.
You feel a bit better.
You kill the gnoll!
The gnoll hits you with a +0 flail!
You hit the gnoll. Your grab misses the gnoll.
You pierce the gnoll, but do no damage.
The gnoll is moderately wounded.
You howl as the wereblood boils in your veins!
The gnoll hits you with a +0 flail!
* * * LOW HITPOINT WARNING * * *
You barely miss the gnoll. Your grab misses the gnoll.
You pierce the gnoll.
The gnoll is heavily wounded.
You howl as the wereblood boils in your veins!
The gnoll hits you with a +0 flail!
You die...

######## .......#
.#####.# .# #.# .# #.#
### # .# #.# #.. .# .#
#.# #.#######..# .#
#.# #.#....)...#.# .#
#.# #.#...@).....# ##
#.####......g...#.#
######.#.............#
....................##
######.#.#########....
...#.# .#### #####.#
.# #.# .# #.#


You could see a gnoll.

Vanquished Creatures
  Grinder (D:4)
  Sigmund (D:2)
  An orc wizard (D:3)
  3 gnolls (D:4)
  6 adders
  A dart slug (D:1)
  7 orcs (D:3)
  9 ball pythons
  5 bats
  7 endoplasms
  3 giant cockroaches
  4 goblins
  7 hobgoblins
  6 kobolds
  6 quokkas
  2 frilled lizards
  6 rats
75 creatures vanquished.

Notes
Turn   | Place    | Note
-------+----------+-------------------------------------------
     0 | D:1      | PriceMaster the Octopode Transmuter began the quest for the
                  | Orb.
     0 | D:1      | Reached XP level 1. HP: 13/13 MP: 3/3
   268 | D:1      | Found a faded altar of an unknown god.
   280 | D:1      | Reached XP level 2. HP: 4/18 MP: 3/5
   649 | D:1      | Reached XP level 3. HP: 17/23 MP: 4/6
   742 | D:1      | Learned a level 2 spell: Wereblood
  1004 | D:2      | Noticed Sigmund
  1688 | D:2      | Killed Sigmund
  1689 | D:2      | Reached skill level 1 in Short Blades
  1689 | D:2      | Reached XP level 4. HP: 17/28 MP: 2/8
  1689 | D:2      | Reached XP level 5. HP: 20/33 MP: 2/9
  2430 | D:3      | Gained mutation: Your flesh is heat resistant. (rF+)
                  | [potion of mutation]
  2430 | D:3      | Gained mutation: You are resistant to electric shocks.
                  | (rElec) [potion of mutation]
  2448 | D:3      | Reached XP level 6. HP: 31/38 MP: 2/10
  3101 | D:3      | Found a blossoming altar of Fedhas.
  3577 | D:4      | Noticed Grinder
  3585 | D:4      | Paralysed by Grinder for 3 turns
  3590 | D:4      | Paralysed by Grinder for 2 turns
  3596 | D:4      | Killed Grinder
  3597 | D:4      | Reached XP level 7. HP: 31/45 MP: 10/12
  3828 | D:4      | Slain by a gnoll

Illustrated notes

Levels and vault maps discovered:
D:1:      dpeg_arrival_prison, layout_loops_ring,
          nicolae_ecumenical_snake_handling,
          nicolae_concentric_dashed_squares_mild
D:2:      layout_basic, chequers_big_river, uniq_sigmund
D:3:      layout_loops_ring, overflow_temple_1_default
D:4:      layout_basic, lightli_temple_of_fire, uniq_grinder

Skill      XL: |  1  2  3  4  5  6  7 |
---------------+----------------------+-----
Short Blades   | 1 2 |  2.3
Stealth        | 2 3 |  3.1
Spellcasting   | 3 4 |  4.0
Transmutations | 3 4 |  4.6
Fighting       | 2 |  2.0
Dodging        | |  2.4
Shields        | |  0.4
Unarmed Combat | |  3.5

Action                     |  1- 3 |  4- 6 |  7- 9 || total
---------------------------+-------+-------+-------++-------
  Melee: Unarmed           |    14 |       |       ||    14
         Kick              |    17 |    22 |    10 ||    49
         Constrict         |    16 |    22 |     5 ||    43
         Tentacles         |    11 |    10 |     3 ||    24
         Short sword       |    63 |    73 |    14 ||   150
         Punch             |     1 |     3 |     2 ||     6
   Cast: Beastly Appendage |    25 |    29 |     3 ||    57
         Wereblood         |     5 |    25 |     2 ||    32
    Use: Potion            |     2 |     1 |     1 ||     4
         Scroll            |     2 |     1 |     1 ||     4
   Stab: Sleeping          |     3 |     3 |       ||     6
         Distracted        |       |     1 |       ||     1
 Armour: Skin              |    18 |     3 |       ||    21
  Dodge: Dodged            |    41 |    30 |    11 ||    82
  Block: Buckler           |     7 |     5 |     2 ||    14

Table legend: (Time is in decaauts)
 A = Elapsed time spent in this place.
 B = Non-inter-level travel time spent in this place.
 C = Inter-level travel time spent in this place.
 D = Time resting spent in this place.
 E = Time spent auto-exploring this place.
 F = Levels seen in this place.
 G = Mean time per level.
                   A        B        C        D        E       F      G
               +--------+--------+--------+--------+--------+-----+--------+
         Total |   3826 |   3740 |     86 |    483 |   2586 |   4 |  956.5 |
       Dungeon |   3826 |   3740 |     86 |    483 |   2586 |   4 |  956.5 |
               +--------+--------+--------+--------+--------+-----+--------+

Top non-repeatable levels by time:
     D:2: 1441 daAuts
     D:3: 1061 daAuts
     D:1: 978 daAuts
     D:4: 345 daAuts
